 Dungeon Sprint DCSS version 0.30-a0-368-g86fb4627a9 (webtiles) character file.

Game seed: 11853819603545891756

3981 Conn the Scorcher (level 10, 0/60 HPs)
             Began as an Octopode Fire Elementalist on Nov 19, 2022.
             Was a Priest of Sif Muna.
             Slain by an unseen horror (10 damage)
             ... in the Dungeon (Sprint I: "Red Sonja").
             The game lasted 00:15:01 (1328 turns).

Conn the Scorcher (Octopode Fire Elementalist)      Turns: 1328, Time: 00:15:01

Health: 0/60       AC:  1    Str:  7    XL:     10   Next: 22%
Magic:  3/26       EV: 15    Int: 22    God:    Sif Muna [***...]
Gold:   942        SH:  0    Dex: 13    Spells: 20/33 levels left

rFire   . . .      SeeInvis .    g - +1 dagger (venom)
rCold   . . .      Faith    .    (no shield)
rNeg    . . .      Spirit   .    (helmet restricted)
rPois   .          Reflect  .    (no amulet)
rElec   .          Harm     .    (no ring)
rCorr   .          Rampage  .    (no ring)
Will    .....      NoTele   +    (no ring)
Stlth   ++++......               (no ring)
HPRegen 0.30/turn                (no ring)
MPRegen 0.20/turn                (no ring)
                                 (no ring)
                                 (no ring)

@: no status effects
A: almost no armour, amphibious, 8 rings, camouflage 1, gelatinous body 1,
(nimble swimmer 1), tentacles
a: Renounce Religion, Channel Magic, Forget Spell


You were in the Dungeon.
You worshipped Sif Muna.
Sif Muna was most pleased with you.
You visited 1 branch You collected 1054 gold pieces.
You spent 112 gold pieces at shops.

Inventory:

Hand Weapons
 g - a +1 dagger of venom (weapon)
Missiles
 h - 3 curare-tipped darts
Wands
 d - a wand of roots (14)
 e - a wand of charming (1)
Scrolls
 i - a scroll of vulnerability {unknown}
 j - a scroll of enchant armour {unknown}
Potions
 a - 3 potions of magic
 b - 2 potions of curing
 f - a potion of mutation {unknown}
 k - a potion of lignification {unknown}


   Skills:
 + Level 1.9 Fighting
 + Level 6.4 Dodging
 + Level 6.6 Stealth
 + Level 12.0 Spellcasting
 + Level 5.0 Conjurations
 + Level 3.5 Hexes
 + Level 2.2 Translocations
 + Level 15.8 Fire Magic
 + Level 3.5 Air Magic
 + Level 5.6 Evocations


You had 20 spell levels left.
You knew the following spells:

 Your Spells              Type           Power      Damage    Failure   Level
a - Foxfire               Conj/Fire      100%       2x1d9     1%          1
b - Kindle Blastsparks    Fire/Tloc/Air  88%        2d17      1%          3
c - Inner Flame           Hex/Fire       54%        N/A       1%          3
d - Flame Wave            Conj/Fire      56%        2d13      1%          4
e - Scorch                Fire           100%       2d10      0%          2

Your spell library contained the following spells:

 Spells                   Type           Power      Damage    Failure   Level


Dungeon Overview and Level Annotations

Branches:
Dungeon (1/1)

Altars:
Cheibriados
Dithmenos
Elyvilon
Fedhas
Gozag
Hepliaklqana
Kikubaaqudgha
Makhleb
Nemelex Xobeh
Okawaru
Qazlal
Ru
Sif Muna
Trog
Uskayaw
Vehumet
Wu Jian
Xom
Yredelemnul
Zin
The Shining One
Jiyva
Lugonu

Shops:
D [*[


Innate Abilities, Weirdness & Mutations

You cannot wear most types of armour.
You are amphibious.
You can wear up to eight rings at the same time.
Your skin changes colour to match your surroundings (Stealth+).
Your rubbery body absorbs attacks. (AC +1, EV +1)
((You are camouflaged when in or above water. (Stealth+)))
You have tentacles for arms and can constrict up to eight enemies at once.


Message History

* * * LOW HITPOINT WARNING * * *
Okay, then.
You feel much better. Something hits you. Something barely misses you.
Something hits you. Something hits you!
* * * LOW HITPOINT WARNING * * *
Something barely misses you.
There is an open door, spattered with blood here.
Okay, then.
Unknown command.
Aiming: Fastroot
Press: ? - help, Shift-Dir - straight line, f - you The roots erupt in riotous growth!
Something hits you.
* * * LOW HITPOINT WARNING * * *
You feel better. Something barely misses you.
Okay, then.
Casting: Flame Wave (dangerous; 1% risk of failure)
Confirm with . or Enter, or press ? or * to list all spells.
Casting: Flame Wave (dangerous; 1% risk of failure)
Press: ? - help, Dir - look around, f - activate A wave of flame ripples out!
The flame wave engulfs something!
Sif Muna accepts your kill.
Reactivating autopickup.
You feel a bit more experienced. (Press . to intensify the flame waves.)
Something hits you.
* * * LOW HITPOINT WARNING * * *
Deactivating autopickup; reactivate with Ctrl-A.
Your Spellcasting skill increases to level 12!
Your Conjurations skill increases to level 5!
A wave of flame ripples out!
The flame wave engulfs something.
Something hits you.
* * * LOW HITPOINT WARNING * * *
A wave of flame ripples out!
The flame wave engulfs something.
You finish channelling waves of flame.
Something hits you.
* * * LOW HITPOINT WARNING * * *
Casting: Flame Wave (dangerous; 1% risk of failure)
Confirm with . or Enter, or press ? or * to list all spells.
Flames lash something.
Something hits you!
You die...

_##'#_.)~~~§§§§.#
..'..._#)§§.§#§.#
_##_.#'##§#####'###
_###'#[#...[###.'.#
####.####'###.###§#
†.'...'.....'[∩##.#
###...###########§#
###.###......§##§#
#.#'#.#......§{@§#
#.....#+++######§#
#..[).# #§# #######
+§# ###


There were no monsters in sight!

Vanquished Creatures
  2 centaur warriors (D)
  Sonja (D)
  A deep troll (D)
  An oklob plant (D)
  An unseen horror (D)
  A slime creature (D)
  A hornet (D)
  Sigmund (D)
  A yak (D)
  2 redbacks (D)
  An ogre (D)
  A jelly (D)
  Ijyb (D)
  2 ballistomycete spores (D)
17 creatures vanquished.

Vanquished Creatures (others)
  30 foxfires (D)
30 creatures vanquished.

Grand Total: 47 creatures vanquished

Notes
Turn   | Place    | Note
-------+----------+-------------------------------------------
     0 | D        | Conn the Octopode Fire Elementalist began the quest for the
                  | Orb.
     0 | D        | Reached XP level 1. HP: 11/11 MP: 3/3
     3 | D        | Noticed Ijyb
     9 | D        | Killed Ijyb
    10 | D        | Reached skill level 5 in Fire Magic
    10 | D        | Reached XP level 2. HP: 13/17 MP: 1/6
    10 | D        | Reached XP level 3. HP: 17/21 MP: 1/7
    13 | D        | Noticed an ogre
    30 | D        | Killed an ogre
    31 | D        | Reached skill level 7 in Fire Magic
    31 | D        | Reached XP level 4. HP: 20/27 MP: 1/10
   105 | D        | Learned a level 2 spell: Scorch
   109 | D        | Learned a level 3 spell: Kindle Blastsparks
   113 | D        | Learned a level 3 spell: Inner Flame
   113 | D        | Noticed Sigmund
   117 | D        | Killed Sigmund
   118 | D        | Reached skill level 5 in Stealth
   118 | D        | Reached skill level 5 in Spellcasting
   118 | D        | Reached skill level 9 in Fire Magic
   118 | D        | Reached XP level 5. HP: 31/31 MP: 4/13
   118 | D        | Reached XP level 6. HP: 36/36 MP: 4/14
   197 | D        | Found an ornate altar of the Wu Jian Council.
   197 | D        | Found a shimmering blue altar of Sif Muna.
   199 | D        | Found a radiant altar of Vehumet.
   203 | D        | Became a worshipper of Sif Muna the Loreminder
   205 | D        | Reached skill level 10 in Fire Magic
   230 | D        | Learned a level 4 spell: Flame Wave
   230 | D        | Found Goodaf's Assorted Antiques.
   230 | D        | Found an ancient bone altar of Kikubaaqudgha.
   230 | D        | Found a hazy altar of Hepliaklqana.
   230 | D        | Found a stormy altar of Qazlal.
   230 | D        | Found a hide-covered altar of Uskayaw.
   230 | D        | Found a blossoming altar of Fedhas.
   230 | D        | Found a bloodstained altar of Trog.
   230 | D        | Found an iron altar of Okawaru.
   230 | D        | Found a basalt altar of Yredelemnul.
   230 | D        | Found a glowing golden altar of the Shining One.
   230 | D        | Found a snail-covered altar of Cheibriados.
   230 | D        | Found a sacrificial altar of Ru.
   230 | D        | Found a glowing silver altar of Zin.
   230 | D        | Found a shadowy altar of Dithmenos.
   230 | D        | Found a white marble altar of Elyvilon.
   230 | D        | Noticed a yak
   236 | D        | Killed a yak
   237 | D        | Reached skill level 5 in Dodging
   237 | D        | Reached skill level 11 in Fire Magic
   237 | D        | Reached skill level 1 in Evocations
   237 | D        | Reached XP level 7. HP: 41/41 MP: 7/17
   240 | D        | Found an opulent altar of Gozag.
   241 | D        | Found a sparkling altar of Nemelex Xobeh.
   245 | D        | Bought a shiny bronze wand for 112 gold pieces
   314 | D        | Found a burning altar of Makhleb.
   314 | D        | Found a viscous altar of Jiyva.
   314 | D        | Found a shimmering altar of Xom.
   314 | D        | Found a corrupted altar of Lugonu.
   314 | D        | Noticed a slime creature
   325 | D        | Killed a slime creature
   325 | D        | Reached * piety under Sif Muna
   465 | D        | Noticed Sonja
   469 | D        | Killed Sonja
   470 | D        | Reached skill level 1 in Fighting
   470 | D        | Reached skill level 1 in Hexes
   470 | D        | Reached skill level 13 in Fire Magic
   470 | D        | Reached XP level 8. HP: 48/48 MP: 11/20
   572 | D        | Found Iladuala's Antique Armour Boutique.
   592 | D        | Noticed a deep troll
   606 | D        | Killed a deep troll
   607 | D        | Reached skill level 1 in Translocations
   607 | D        | Reached skill level 1 in Air Magic
   607 | D        | Reached XP level 9. HP: 53/53 MP: 5/22
   633 | D        | Found Fuxaur's Armour Emporium.
   700 | D        | Noticed a centaur warrior
   715 | D        | Noticed a centaur warrior
   723 | D        | Killed a centaur warrior
   723 | D        | Reached ** piety under Sif Muna
   724 | D        | Reached skill level 10 in Spellcasting
   724 | D        | Reached skill level 14 in Fire Magic
   724 | D        | Reached skill level 5 in Evocations
   724 | D        | Killed a centaur warrior
   725 | D        | Reached skill level 15 in Fire Magic
   845 | D        | Noticed a hornet
   862 | D        | Killed a hornet
  1037 | D        | Noticed an oklob plant
  1040 | D        | Killed an oklob plant
  1040 | D        | Reached *** piety under Sif Muna
  1041 | D        | Reached XP level 10. HP: 60/60 MP: 17/25
  1325 | D        | Killed an unseen horror
  1326 | D        | Reached skill level 5 in Conjurations
  1328 | D        | Slain by an unseen horror

Illustrated notes

Levels and vault maps discovered:
D:        dungeon_sprint_1 [red_sonja_temple_1, red_sonja_temple_small_1]

Skill      XL: |  1  2  3  4  5  6  7  8  9 10 |
---------------+-------------------------------+-----
Stealth        | 3 4 5 6 |  6.6
Spellcasting   | 3 4 5 6 8 9 11 12 | 12.0
Fire Magic     | 5 7 9 11 13 15 | 15.8
Dodging        | 3 4 5 6 |  6.4
Conjurations   | 2 3 4 5 |  5.0
Evocations     | 1 3 4 5 |  5.6
Fighting       | 1 |  1.9
Hexes          | 1 3 |  3.5
Translocations | 1 2 |  2.2
Air Magic      | 1 3 |  3.5

Action                   |  1- 3 |  4- 6 |  7- 9 | 10-12 || total
-------------------------+-------+-------+-------+-------++-------
Melee: Unarmed           |     4 |       |       |       ||     4
       Tentacles         |     2 |       |       |       ||     2
       Constrict         |     1 |       |       |       ||     1
 Cast: Foxfire           |     3 |     2 |    13 |     6 ||    24
       Scorch            |       |     4 |    12 |     4 ||    20
       Flame Wave        |       |     1 |     1 |     4 ||     6
       Inner Flame       |       |       |     5 |       ||     5
       Kindle Blastspark |       |       |     4 |       ||     4
Evoke: Wand              |     2 |     1 |     7 |     1 ||    11
  Use: Potion            |     2 |       |       |     2 ||     4
       Scroll            |       |       |     1 |       ||     1
Dodge: Dodged            |     4 |     5 |     2 |     6 ||    17

Table legend: (Time is in decaauts)
 A = Elapsed time spent in this place.
 B = Non-inter-level travel time spent in this place.
 C = Inter-level travel time spent in this place.
 D = Time resting spent in this place.
 E = Time spent auto-exploring this place.
 F = Levels seen in this place.
 G = Mean time per level.
                   A        B        C        D        E       F      G
               +--------+--------+--------+--------+--------+-----+--------+
         Total |   1323 |   1323 |      0 |    832 |      0 |   1 | 1323.0 |
       Dungeon |   1323 |   1323 |      0 |    832 |      0 |   1 | 1323.0 |
               +--------+--------+--------+--------+--------+-----+--------+

Top non-repeatable levels by time:
       D: 1323 daAuts
